 Dungeon Crawl Stone Soup version 0.25-a0-544-gee0576305d (webtiles) character file.

Game seed: 1068749946377127546, levelgen mode: deterministic

513 Emblim88 the Covert (level 7, -1/32 HPs)
             Began as a Spriggan Enchanter on Feb 20, 2020.
             Killed from afar by an orc wizard (6 damage)
             ... with a magic dart
             ... on level 4 of the Dungeon.
             The game lasted 00:16:24 (6292 turns).

Emblim88 the Covert (Spriggan Enchanter)            Turns: 6292, Time: 00:16:26

Health: -1/32      AC:  2    Str:  4    XL:     7   Next: 0%
Magic:  0/16       EV: 20    Int: 19    God:
Gold:   303        SH:  0    Dex: 16    Spells: 8/17 levels left

rFire    . . .     SeeInvis +   q - +2 dagger (pain)
rCold    . . .     Gourm    .   (shield restricted)
rNeg     . . .     Faith    .   b - +0 robe
rPois    .         Spirit   +   (helmet restricted)
rElec    .         Reflect  .   s - scarf {Spirit}
rCorr    .         Harm     +   (gloves unavailable)
MR       ++...                  (boots unavailable)
Stlth    ++++......             E - amulet of harm
HPRegen  0.10/turn              (no ring)
MPRegen  0.15/turn              x - ring of protection from magic

@: very quick
A: very small, unfitting armour, see invisible, herbivore, speed 3, slow
metabolism 2
a: no special abilities


You were on level 4 of the Dungeon.
You were near starving.

You visited 2 branches of the dungeon, and saw 5 of its levels.

You collected 303 gold pieces.

Inventory:

Hand Weapons
 i - a +1 hunting sling of freezing
 q - a +2 dagger of pain (weapon)
Missiles
 e - 77 stones
 o - 63 sling bullets
 v - 21 poisoned darts (quivered)
 D - a throwing net
Armour
 b - a +0 robe (worn)
 s - a scarf of spirit shield (worn)
Jewellery
 h - an uncursed amulet of the acrobat {unknown}
 x - a ring of protection from magic (right hand)
 E - an amulet of harm (around neck)
Wands
 A - a wand of polymorph (7)
Scrolls
 a - 2 scrolls of fog {unknown}
 f - 2 scrolls of amnesia {unknown}
 g - 2 scrolls of identify {unknown}
 k - 2 scrolls of teleportation
 l - 4 scrolls of remove curse {unknown}
 p - a scroll of immolation {unknown}
 r - a scroll of fear {unknown}
 u - 2 scrolls of magic mapping {unknown}
 w - a scroll of blinking {unknown}
 y - 2 scrolls of noise {unknown}
Potions
 c - 2 potions of brilliance {unknown}
 j - 4 potions of lignification {unknown}
 m - a potion of haste {unknown}
 n - a potion of mutation {unknown}
 t - a potion of curing {unknown}
 z - a potion of flight {unknown}
 B - a potion of heal wounds {unknown}
 C - a potion of degeneration {unknown}
Comestibles
 d - 4 rations


   Skills:
 - Level 1.1 Short Blades
 + Level 5.2 Dodging
 * Level 8.2 Stealth
 * Level 5.8 Spellcasting
 - Level 4.7 Hexes


You had 8 spell levels left.
You knew the following spells:

 Your Spells              Type           Power        Failure   Level  Hunger
a - Corona                Hex            ###....      1%          1    None
b - Ensorcelled Hibernat  Hex/Ice        ##....       7%          2    None
c - Dazzling Flash        Conj/Hex       ##....       13%         3    ##.....
d - Tukima's Dance        Hex            ###.....     4%          3    ##.....

Your spell library contained the following spells:

 Spells                   Type           Power        Failure   Level  Hunger
 Confusing Touch          Hex            ###.....     4%          3    ##.....


Dungeon Overview and Level Annotations

Branches:
Dungeon (4/15)             Temple (1/1) D:4

Altars:
Ashenzari
Elyvilon
Fedhas
Hepliaklqana
Makhleb
Sif Muna
Trog
Uskayaw
Xom
Zin
The Shining One


Innate Abilities, Weirdness & Mutations

You are very small and have problems with some larger weapons.
You are too small for most types of armour.
You have supernaturally acute eyesight. (SInv)
You are a herbivore.
You cover ground extremely quickly.
You need to consume almost no food.


Message History

The orc wizard mumbles some strange words.
The orc wizard blinks!
The orc wizard misses you.
Casting: Ensorcelled Hibernation (safe; 7% risk of failure)
Confirm with . or Enter, or press ? or * to list all spells.
Aiming: Ensorcelled Hibernation (safe; 7% risk of failure)
Press: ? - help, Shift-Dir - straight line, f/p - orc wizard
Aim: an orc wizard, wielding a +0 dagger and wearing a +0 robe (fast, not susceptible)
The orc wizard is unaffected.
The orc wizard hits you with a +0 dagger.
* * * LOW HITPOINT WARNING * * *
The orc wizard misses you.
You hit the orc wizard but do no damage.
The orc wizard hits you with a +0 dagger.
* * * LOW HITPOINT WARNING * * *
You hit the orc wizard.
The orc wizard is moderately wounded.
The orc wizard casts a spell at you. The magic dart hits you!
You die...

..........#.........#..#
..........##.##.##.###.#####
......>......^.....# #.....#
..........##########
#####.## ..........# #..###
######....#### ##...#
####....##### ###o#
####.....## #o#
#####@o####### #.##
##..)....#####..#
#######........# ##########


You could see an orc wizard.

Vanquished Creatures
  An ogre (D:4)
  A howler monkey (D:4)
  A centaur skeleton (D:4)
  Jessica (D:3)
  Ijyb (D:3)
  Natasha (thrice) (D:3)
  An iguana (D:4)
  2 worker ants (D:4)
  3 gnolls (D:3)
  3 adders
  2 oozes
  6 worms
  2 dart slugs (D:1)
  3 leopard geckos
  6 orcs
  A ball python (D:2)
  9 bats
  3 giant cockroaches
  10 goblins
  6 hobgoblins
  8 kobolds
  A quokka (D:3)
  8 frilled lizards
  5 rats
87 creatures vanquished.

Notes
Turn   | Place    | Note
-------+----------+-------------------------------------------
     0 | D:1      | Emblim88 the Spriggan Enchanter began the quest for the
                  | Orb.
     0 | D:1      | Reached XP level 1. HP: 9/9 MP: 5/5
   236 | D:1      | Reached XP level 2. HP: 12/13 MP: 7/7
   253 | D:1      | Learned a level 2 spell: Ensorcelled Hibernation
   669 | D:1      | Reached skill level 5 in Stealth
  1541 | D:2      | Reached XP level 3. HP: 16/16 MP: 8/8
  2931 | D:2      | Reached XP level 4. HP: 21/21 MP: 10/10
  2939 | D:2      | Learned a level 3 spell: Dazzling Flash
  2943 | D:2      | Learned a level 3 spell: Tukima's Dance
  3188 | D:3      | Reached skill level 6 in Stealth
  3235 | D:3      | Noticed Natasha
  3392 | D:3      | Killed Natasha
  3619 | D:3      | Noticed Ijyb
  3624 | D:3      | Killed Ijyb
  3624 | D:3      | Reached XP level 5. HP: 24/24 MP: 9/12
  4157 | D:3      | Noticed Natasha
  4169 | D:3      | Killed Natasha
  4488 | D:3      | Noticed Natasha
  4497 | D:3      | Killed Natasha
  4497 | D:3      | Reached skill level 7 in Stealth
  4517 | D:3      | Noticed Jessica
  4567 | D:3      | Killed Jessica
  4567 | D:3      | Reached XP level 6. HP: 28/28 MP: 9/14
  4572 | D:3      | Found a hide-covered altar of Uskayaw.
  5002 | D:4      | Reached skill level 5 in Spellcasting
  5126 | D:4      | Found a staircase to the Ecumenical Temple.
  5134 | Temple   | Entered the Ecumenical Temple
  5713 | D:4      | Reached skill level 5 in Dodging
  5713 | D:4      | Reached skill level 8 in Stealth
  5823 | D:4      | Found a white marble altar of Elyvilon.
  6161 | D:4      | Reached XP level 7. HP: 32/32 MP: 3/16
  6292 | D:4      | Killed from afar by an orc wizard

Levels and vault maps discovered:
D:1:      kilobyte_arrival_exit_the_forest, layout_basic, nrook_uturn,
          minmay_small_reverse_x
D:2:      layout_basic
D:3:      minmay_spotlight, layout_basic, lemuel_coloured_pillars_altar,
          uniq_ijyb, uniq_natasha, uniq_jessica
D:4:      layout_rooms, elyvilon_altar_5, minmay_temple_entry_large_hall
Temple:   compressed_dpeg_triangle_lava_temple

Skill      XL: |  1  2  3  4  5  6 |
---------------+-------------------+-----
Spellcasting   | 3 4 5 |  5.8
Stealth        | 5 6 7 8 |  8.2
Hexes          | 4 |  4.7
Dodging        | 4 5 |  5.2
Short Blades   | |  1.1

Action                   |  1- 3 |  4- 6 |  7- 9 || total
-------------------------+-------+-------+-------++-------
Melee: Dagger            |   108 |    85 |     9 ||   202
Throw: Stone             |     7 |     5 |       ||    12
       Dart              |       |    17 |       ||    17
 Cast: Ensorcelled Hiber |    44 |    64 |     6 ||   114
  Use: Scroll            |       |     1 |       ||     1
 Stab: Sleeping          |    32 |    34 |       ||    66
       Distracted        |     1 |       |       ||     1
  Eat: Ration            |     1 |     1 |       ||     2
Armor: Robe              |    11 |     2 |       ||    13
Dodge: Dodged            |    83 |    55 |     8 ||   146

Table legend:
 A = Non-vault XP
 B = Vault XP
 C = Vault XP percentage of total XP
 D = Non-vault monster count
 E = Vault monster count
 F = Vault count percentage of total count
                 A         B        C        D         E       F
            +---------+---------+-------+---------+---------+-------
      Total |     589 |     145 |  19.8 |      74 |      13 |  14.9
            +---------+---------+-------+---------+---------+-------
        D:1 |      33 |       7 |  17.5 |      17 |       4 |  19.0
        D:2 |      57 |       0 |   0.0 |      24 |       0 |   0.0
        D:3 |     159 |     138 |  46.5 |      22 |       9 |  29.0
        D:4 |     340 |       0 |   0.0 |      11 |       0 |   0.0
            +---------+---------+-------+---------+---------+-------
